 Dungeon Crawl Stone Soup version 0.29.1-15-g9cfb28693d (webtiles) character file.

Game seed: 14542068818627416725

625 growler the Ruffian (level 7, 0/52 HPs)
             Began as a Green Draconian Transmuter on Feb 26, 2023.
             Slain by an orc wizard
             ... wielding a +0 dagger
              (2 damage)
             ... on level 6 of the Dungeon.
             The game lasted 00:10:43 (4818 turns).

growler the Ruffian (Green Draconian Transmuter)    Turns: 4818, Time: 00:10:44

Health: 0/52       AC:  2    Str: 12    XL:     7   Next: 23%
Magic:  10/11      EV: 19    Int: 22    God:
Gold:   178        SH:  0    Dex: 16    Spells: 2/12 levels left

rFire   . . .      SeeInvis .     - Unarmed
rCold   . . .      Faith    .   (shield currently unavailable)
rNeg    . . .      Spirit   .   (body armour unavailable)
rPois   x          Reflect  .   (helmet currently unavailable)
rElec   .          Harm     .   (cloak currently unavailable)
rCorr   .          Rampage  .   (gloves currently unavailable)
Will    .....                   (boots currently unavailable)
Stlth   +.........              (no amulet)
HPRegen 0.17/turn               d - +6 ring of intelligence
MPRegen 0.12/turn               (no ring)

@: spider-form (expiring)
A: venomous fangs, (breathe noxious fumes), AC +6, tiny, unfitting armour,
(poison resistance), (cold-blooded)
a: End Transformation


You were on level 6 of the Dungeon.
You were a venomous arachnid creature.
You visited 1 branch of the dungeon, and saw 6 of its levels.

You collected 178 gold pieces.

Inventory:

Jewellery
 d - a +6 ring of intelligence (left front leg)
Scrolls
 a - a scroll of immolation {unknown}
 b - 2 scrolls of identify
 c - a scroll of enchant weapon
 e - a scroll of teleportation
 j - a scroll of summoning {unknown}
Potions
 g - a potion of flight
 h - a potion of magic {unknown}
 i - a potion of experience {unknown}
 k - 2 potions of berserk rage {unknown}
 l - 2 potions of lignification


   Skills:
 - Level 1.5 Fighting
 - Level 2.0 Dodging
 + Level 7.0 Unarmed Combat
 - Level 3.0 Spellcasting
 - Level 4.0 Transmutations


You had 2 spell levels left.
You knew the following spells:

 Your Spells              Type           Power      Damage    Failure   Level
a - Beastly Appendage     Tmut           40%        N/A       9%          1
b - Wereblood             Tmut           20%        N/A       12%         2
c - Spider Form           Tmut/Pois      12%        N/A       34%         3
d - Ice Form              Ice/Tmut       12%        N/A       69%         4

Your spell library contained the following spells:

 Spells                   Type           Power      Damage    Failure   Level


Dungeon Overview and Level Annotations

Branches:
Dungeon (7/15)
 Temple: D:4-7

Altars:

Shops:
D:1 (

Annotations:
D:4 Eustachio


Innate Abilities, Weirdness & Mutations

You are a venomous arachnid creature.
You have poisonous fangs.
You are tiny and dextrous.
Your spellcasting is less reliable in this form.
Your armour is entirely melded.
You are incapable of wielding weapons or throwing items.
((You can breathe blasts of noxious fumes.))
((Your lurid green scales are hard. (AC +6)))
You cannot fit into any form of body armour.
((Your system is resistant to poisons. (rPois)))
((You are cold-blooded and may be slowed by cold attacks.))


Message History

You kill the orc!
Unknown command.
Items here: )) [ †.
You hit the orc priest.
The orc priest is poisoned.
The orc priest is lightly wounded.
The orc priest hits you with a +1 vorpal mace.
You hit the orc priest but do no damage.
The orc priest looks as sick as possible!
The orc priest is lightly wounded.
The orc wizard hits you but does no damage.
The orc priest calls down the wrath of Beogh upon you.
Beogh smites you!
* * * LOW HITPOINT WARNING * * *
You hit the orc priest.
The orc priest is moderately wounded.
Your transformation is almost over.
The orc priest calls down the wrath of Beogh upon you.
Pain shoots through your body!
* * * LOW HITPOINT WARNING * * *
The orc wizard hits you with a +0 dagger.
* * * LOW HITPOINT WARNING * * *
You feel better. The orc priest completely misses you.
The orc wizard misses you.
You hit the orc priest.
The orc priest is almost dead.
You kill the orc priest!
The orc wizard points at you and mumbles some strange words.
The magic dart hits you.
* * * LOW HITPOINT WARNING * * *
Your Unarmed Combat skill increases to level 7!
You bite the orc wizard!
The orc wizard is severely wounded.
The orc wizard casts a spell at you. The magic dart hits you.
* * * LOW HITPOINT WARNING * * *
Unknown command.
You hit the orc wizard.
The orc wizard is poisoned.
The orc wizard is severely wounded.
The orc wizard hits you with a +0 dagger.
You die...

## .# .# .#
.####).
####"......
#.)s)..#
#.##o..#
#.# #.##
#.# .# #.#
# #.# #.#
#.# #.#####


You could see an orc wizard (very poisoned).

Vanquished Creatures
  2 ice beasts
  A centaur (D:7)
  A hound (D:3)
  3 orc priests
  An iguana (D:2)
  An orc wizard (D:3)
  Robin (D:1)
  4 gnolls (D:2)
  4 adders
  A white imp (D:3)
  A worm (D:3)
  3 dart slugs
  7 orcs
  6 ball pythons
  9 endoplasms
  4 hobgoblins (D:2)
  6 jackals
  2 kobolds (D:1)
  3 quokkas (D:1)
  3 bats
  7 frilled lizards
  14 goblins
  10 rats
94 creatures vanquished.

Notes
Turn   | Place    | Note
-------+----------+-------------------------------------------
     0 | D:1      | growler the Draconian Transmuter began the quest for the
                  | Orb.
     0 | D:1      | Reached XP level 1. HP: 16/16 MP: 3/3
    77 | D:1      | Reached XP level 2. HP: 11/23 MP: 3/5
   908 | D:1      | Reached XP level 3. HP: 23/28 MP: 6/6
   911 | D:1      | Learned a level 2 spell: Wereblood
   915 | D:1      | Learned a level 3 spell: Spider Form
  1289 | D:1      | Found Ruggin's Weapon Emporium.
  1568 | D:2      | Noticed Robin
  1590 | D:1      | Killed Robin
  1774 | D:2      | Reached XP level 4. HP: 11/35 MP: 8/8
  2235 | D:2      | Found a faded altar of an unknown god.
  2325 | D:2      | Reached skill level 4 in Unarmed Combat
  2337 | D:2      | Reached XP level 5. HP: 33/40 MP: 9/9
  2342 | D:2      | Learned a level 4 spell: Ice Form
  2998 | D:3      | Noticed an ice beast
  3209 | D:3      | Killed an ice beast
  3483 | D:3      | Reached skill level 5 in Unarmed Combat
  3483 | D:3      | Reached XP level 6. HP: 47/47 MP: 7/10
  3614 | D:3      | Identified the +7 mace "Asoaryn" {freeze, Str+4}
  3918 | D:4      | Noticed Eustachio
  4246 | D:4      | You fall into a shaft and drop 3 floors!
  4264 | D:7      | Noticed an ice beast
  4278 | D:7      | Killed an ice beast
  4279 | D:7      | Reached skill level 6 in Unarmed Combat
  4495 | D:7      | Noticed a hornet
  4508 | D:7      | Your scales start taking on a lurid green colour.
  4508 | D:7      | Reached XP level 7. HP: 22/52 MP: 4/11
  4508 | D:7      | Gained mutation: Your system is resistant to poisons.
                  | (rPois) [Green Draconian growth]
  4817 | D:6      | Reached skill level 7 in Unarmed Combat
  4817 | D:6      | HP: 2/52 [orc wizard/magic dart (4)]
  4818 | D:6      | Slain by an orc wizard

Illustrated notes

Levels and vault maps discovered:
D:1:      ncdulo_halloftheorcs, layout_basic, serial_shops, nicolae_shop_stone
D:2:      layout_rooms, hellmonk_ecumenical_altar_dog_temple,
          serial_co_window_serial, co_window_corner_a, co_window_paths_b,
          co_window_corner_a, co_window_corner_a, co_window_paths_b,
          co_window_broadway_b, co_window_of_opportunity_b, co_window_paths_c,
          co_window_broadway_c, co_window_paths_e, co_window_paths_d,
          glass_columns_b, glass_columns_a, glass_columns_b, glass_columns_a,
          glass_columns_b, uniq_robin
D:3:      layout_basic
D:4:      layout_loops_ring, nicolae_sif_muna_little_library,
          minmay_fractal_squares_diagonal_5, uniq_crazy_yiuf_cottage,
          uniq_eustachio
D:6:      layout_loops_ring
D:7:      layout_rooms, minmay_temple_entry_tees

Skill      XL: |  1  2  3  4  5  6  7 |
---------------+----------------------+-----
Dodging        | 2 |  2.0
Transmutations | 3 4 |  4.0
Spellcasting   | 3 |  3.0
Unarmed Combat | 4 5 6 7 |  7.0
Fighting       | |  1.5

Action                   |  1- 3 |  4- 6 |  7- 9 || total
-------------------------+-------+-------+-------++-------
Melee: Unarmed           |   162 |   175 |    15 ||   352
       Kick              |     8 |    15 |       ||    23
       Headbutt          |     4 |    11 |       ||    15
       Punch             |     3 |     6 |       ||     9
       Tailslap          |    21 |     9 |       ||    30
 Cast: Beastly Appendage |     4 |     9 |       ||    13
       Spider Form       |       |     4 |     1 ||     5
  Use: Potion            |     1 |     1 |     1 ||     3
       Scroll            |       |     4 |       ||     4
Armor: Skin              |    44 |    63 |     1 ||   108
Dodge: Dodged            |    93 |    80 |     5 ||   178
